 Dungeon Crawl Stone Soup version 0.30-a0-341-g682706514a (webtiles) character file.

Game seed: 15349897298274151031

467 bande the Chopper (level 7, -1/44 HPs)
             Began as a Gargoyle Fighter on Nov 2, 2022.
             Slain by an ogre
             ... wielding a +0 giant spiked club
              (17 damage)
             ... on level 4 of the Dungeon.
             The game lasted 00:06:40 (4724 turns).

bande the Chopper (Gargoyle Fighter)                Turns: 4724, Time: 00:06:41

Health: -1/44      AC: 21    Str: 19    XL:     7   Next: 8%
Magic:  7/7        EV:  5    Int:  9    God:
Gold:   253        SH:  5    Dex: 17    Spells: 6/6 levels left

rFire   . . .      SeeInvis .    a - +0 war axe
rCold   . . .      Faith    .    c - +0 buckler
rNeg    + . .      Spirit   .    o - +0 plate armour
rPois   ∞          Reflect  .    m - +1 helmet
rElec   +          Harm     .    (no cloak)
rCorr   .          Rampage  .    p - +1 pair of gloves
Will    +....                    (no boots)
Stlth   ..........               (no amulet)
HPRegen 0.27/turn                j - +6 ring of dexterity
MPRegen 0.10/turn                t - ring of willpower

@: no status effects
A: sickness immunity, AC +4, negative energy resistance 1, electricity
resistance, torment resistance 1, petrification resistance
a: no special abilities


You were on level 4 of the Dungeon.
You visited 1 branch of the dungeon, and saw 4 of its levels.

You collected 253 gold pieces.

Inventory:

Hand Weapons
 a - a +0 war axe (weapon)
 u - a +0 war axe
 z - a +0 morningstar
Armour
 c - a +0 buckler (worn)
 m - a +1 helmet (worn)
 o - a +0 plate armour (worn)
 p - a +1 pair of gloves (worn)
 v - a +0 cloak
Jewellery
 j - a +6 ring of dexterity (left hand)
 t - a ring of willpower (right hand)
Wands
 i - a wand of roots (9)
 r - a wand of paralysis (3)
Scrolls
 e - 4 scrolls of poison {unknown}
 g - a scroll of summoning {unknown}
 h - a scroll of enchant armour
 q - a scroll of identify
 w - a scroll of noise {unknown}
 y - a scroll of blinking {unknown}
Potions
 b - 2 potions of mutation {unknown}
 d - a potion of might
 f - a potion of haste
 k - 4 potions of invisibility
 l - 3 potions of flight
 n - a potion of berserk rage {unknown}
 s - a potion of magic {unknown}
 x - 2 potions of curing {unknown}
 A - a potion of lignification {unknown}


   Skills:
 + Level 4.7 Fighting
 + Level 4.9 Axes
 + Level 4.6 Armour
 + Level 0.1 Stealth
 + Level 4.1 Shields


You had 6 spell levels left.
You didn't know any spells.
Your spell library contained the following spells:

 Spells                   Type           Power      Damage    Failure   Level
 Freeze                   Ice            0%         1d3       100%        1
 Summon Small Mammal      Summ           0%         N/A       100%        1
 Call Canine Familiar     Summ           0%         N/A       100%        3
 Frozen Ramparts          Ice            0%         1d1       100%        3
 Gell's Gravitas          Tloc           0%         N/A       100%        3
 Hailstorm                Conj/Ice       0%         3d3       100%        3
 Lesser Beckoning         Tloc           0%         N/A       100%        3
 Summon Guardian Golem    Hex/Summ       0%         N/A       100%        3
 Teleport Other           Tloc           0%         N/A       100%        3


Dungeon Overview and Level Annotations

Branches:
Dungeon (4/15)
 Temple: D:4-7

Altars:
Ashenzari
Gozag
Kikubaaqudgha
Nemelex Xobeh
Okawaru
Uskayaw
Xom

Annotations:
D:4 Dowan


Innate Abilities, Weirdness & Mutations

You are immune to sickness and miasma.
Your stone body is resilient. (AC +4)
You are immune to poison.
You resist negative energy. (rN+)
You are resistant to electric shocks. (rElec)
You are resistant to unholy torment.
You are immune to petrification.


Message History

The ogre shouts!
Found 15 gold pieces.
You hit the adder.
The adder is lightly wounded.
The adder bites you but does no damage. You block the adder's attack.
You miss the adder.
The adder is lightly wounded.
The adder barely misses you.
Dowan, Brother of Duvessa comes into view.
He is wielding a +0 dagger.
You barely miss the adder.
The adder is lightly wounded.
Dowan shouts!
You slash the ogre! You hit the phantom.
The adder bites you but does no damage. You block the adder's attack.
The phantom hits you but does no damage.
The ogre hits you with a +0 giant spiked club!!
Ouch! That really hurt!
Dowan says, "My weaknesses are her strengths!"
The phantom attacks as you move away! You block the phantom's attack.
The adder barely misses you.
You hit the ogre but do no damage.
The ogre is heavily wounded.
You hit the adder. You miss the phantom.
The adder bites you but does no damage. You block the ogre's attack.
You block the phantom's attack. The adder bites you but does no damage.
Unknown command.
You hit the ogre.
The ogre is severely wounded.
You miss the phantom. You barely miss the adder. You block the adder's attack.
The phantom hits you but does no damage.
The ogre hits you with a +0 giant spiked club.
Dowan casts a spell.
Dowan blinks!
The adder bites you but does no damage.
You slash the ogre!
The ogre is almost dead.
You closely miss the phantom. You barely miss the adder.
The phantom hits you but does no damage.
The adder bites you but does no damage.
The ogre hits you with a +0 giant spiked club!
You die...

#..>.........# #.##......
..........#### #.########
........[.###### #.#
#..... ...............##
#.###.....
...:.......###..#
#..#......
#.........####''####
##.#......
#........##........##
#........
#.......##..........##
#######..
#......##......W@....#
##.
##....##.......SO.....#
##
#...##..........!.....#
#...# .................
##### ###..#
..^.....!........ #...#
.###.# .....≈..≈....$..
##.#.### .# ###
................ #..._..#
.##
..........e.$...##..#.#..
..### #..<.....


You could see an ogre, a phantom, Dowan and an adder.

Vanquished Creatures
  2 scorpions (D:4)
  Crazy Yiuf (D:3)
  Terence (D:2)
  Ijyb (D:3)
  Natasha (thrice) (D:2)
  An orc wizard (D:4)
  Robin (D:1)
  5 gnolls
  2 adders (D:2)
  A worm (D:3)
  2 dart slugs (D:2)
  4 orcs (D:4)
  6 endoplasms
  3 giant cockroaches
  10 goblins (D:1)
  6 hobgoblins
  4 jackals (D:4)
  9 quokkas
  7 ball pythons
  7 bats
  3 frilled lizards
  5 kobolds
  7 rats
91 creatures vanquished.

Notes
Turn   | Place    | Note
-------+----------+-------------------------------------------
     0 | D:1      | bande the Gargoyle Fighter began the quest for the Orb.
     0 | D:1      | Reached XP level 1. HP: 14/14 MP: 1/1
    97 | D:1      | You fall into a shaft and drop 1 floor!
   151 | D:1      | Reached XP level 2. HP: 16/20 MP: 2/2
   525 | D:1      | Reached XP level 3. HP: 24/24 MP: 3/3
  1021 | D:2      | Noticed Robin
  1303 | D:1      | Killed Robin
  1304 | D:1      | Reached XP level 4. HP: 29/29 MP: 4/4
  1622 | D:2      | Noticed Terence
  1634 | D:2      | Killed Terence
  1939 | D:2      | Noticed Natasha
  1946 | D:2      | Killed Natasha
  1947 | D:2      | Reached XP level 5. HP: 25/33 MP: 5/5
  2163 | D:2      | Noticed Natasha
  2172 | D:2      | Killed Natasha
  2684 | D:2      | Noticed Natasha
  2692 | D:2      | Killed Natasha
  2820 | D:3      | Identified the +0 robe of Generosity {+Inv Str+9 Dex-2}
  3165 | D:3      | Noticed Ijyb
  3171 | D:3      | Paralysed by Ijyb for 3 turns
  3177 | D:3      | Paralysed by Ijyb for 2 turns
  3182 | D:3      | Killed Ijyb
  3183 | D:3      | Reached XP level 6. HP: 39/39 MP: 6/6
  3481 | D:3      | Identified the +2 robe of Recklessness {Str+5}
  3573 | D:3      | Found a runed translucent door.
  3574 | D:3      | Noticed Crazy Yiuf
  3639 | D:3      | Killed Crazy Yiuf
  3739 | D:4      | Found a broken altar of Ashenzari.
  3892 | D:4      | Found a shimmering altar of Xom.
  3904 | D:4      | Found an ancient bone altar of Kikubaaqudgha.
  3974 | D:4      | Found an opulent altar of Gozag.
  4142 | D:4      | Reached XP level 7. HP: 44/44 MP: 7/7
  4403 | D:4      | Found a sparkling altar of Nemelex Xobeh.
  4487 | D:4      | Found a hide-covered altar of Uskayaw.
  4487 | D:4      | Found an iron altar of Okawaru.
  4719 | D:4      | Noticed Dowan
  4724 | D:4      | Slain by an ogre

Illustrated notes

Levels and vault maps discovered:
D:1:      spicycebolla_arrival_clurvy, layout_basic, minmay_hexomino_f4
D:2:      layout_basic, hangedman_abyss_or_decor_stabs, uniq_natasha,
          uniq_robin, uniq_terence
D:3:      layout_rooms, minmay_bisected, uniq_ijyb, uniq_crazy_yiuf_cottage
D:4:      kennysheep_big_flooded_room, layout_cave_pods, ashenzari_altar_1,
          grunt_gozag_breadcrumbs, overflow_temple_1_default,
          mainiacjoe_overflow_large_starburst,
          gammafunk_temple_overflow_elements, serial_co_window_serial,
          co_window_cross_1, co_window_paths_a, co_window_paths_b,
          co_window_corner_a, co_window_paths_a, co_window_paths_a,
          co_window_corner_a, co_window_paths_a, co_window_paths_b,
          co_window_broadway_a, co_window_corner_b, co_window_corner_b,
          co_window_unsneaky_path_b, glass_columns_a, uniq_duvessa

Skill      XL: |  1  2  3  4  5 |
---------------+----------------+-----
Axes           | 2 3 4 |  4.9
Fighting       | 4 |  4.7
Armour         | 4 |  4.6
Shields        | 4 |  4.1
Stealth        | |  0.1

Action                   |  1- 3 |  4- 6 |  7- 9 || total
-------------------------+-------+-------+-------++-------
Melee: War axe           |    91 |   142 |    36 ||   269
  Use: Scroll            |       |     6 |       ||     6
Armor: Scale mail        |    70 |    43 |       ||   113
       Plate armour      |       |    61 |    37 ||    98
Dodge: Dodged            |    57 |    44 |     7 ||   108
Block: Buckler           |    14 |    38 |    13 ||    65

Table legend: (Time is in decaauts)
 A = Elapsed time spent in this place.
 B = Non-inter-level travel time spent in this place.
 C = Inter-level travel time spent in this place.
 D = Time resting spent in this place.
 E = Time spent auto-exploring this place.
 F = Levels seen in this place.
 G = Mean time per level.
                   A        B        C        D        E       F      G
               +--------+--------+--------+--------+--------+-----+--------+
         Total |   4834 |   4627 |    207 |   1086 |   2720 |   4 | 1208.5 |
       Dungeon |   4834 |   4627 |    207 |   1086 |   2720 |   4 | 1208.5 |
               +--------+--------+--------+--------+--------+-----+--------+

Top non-repeatable levels by time:
     D:2: 1443 daAuts
     D:1: 1419 daAuts
     D:4: 1021 daAuts
     D:3: 950 daAuts
